 Dungeon Sprint DCSS version 0.27-a0-1147-gb3d8e82157 (webtiles) character file.

Game seed: 8972518154660427083

129 Vaeryne the Thaumaturge (level 4, -1/21 HPs)
             Began as a Spriggan Air Elementalist on May 12, 2021.
             Was an Initiate of Sif Muna.
             Slain by an unseen horror (8 damage)
             ... in the Dungeon (Sprint IX: "|||||||||||||||||||||||||||||").
             The game lasted 00:01:15 (696 turns).

Vaeryne the Thaumaturge (Spriggan Air Elementalist)  Turns: 696, Time: 00:01:16

Health: -1/21      AC:  2    Str:  4    XL:     4   Next: 88%
Magic:  18/18      EV: 17    Int: 20    God:    Sif Muna [......]
Gold:   0          SH:  0    Dex: 18    Spells: 19/26 levels left

rFire    . . .     SeeInvis +   l - +2 rapier "Heliucsuv" {drain, rPois rC+}
rCold    + . .     Faith    .   (shield restricted)
rNeg     . . .     Spirit   .   a - +0 robe
rPois    +         Reflect  .   (helmet restricted)
rElec    .         Harm     .   (no cloak)
rCorr    .         Rampage  .   (gloves unavailable)
Will     .....     NoTele   +   (boots unavailable)
Stlth    ++........             (no amulet)
HPRegen  0.07/turn              b - +3 ring of dexterity
MPRegen  0.16/turn              m - +3 ring of intelligence

@: very quick
A: very small, no large weapons, unfitting armour, see invisible, speed 3
a: Renounce Religion


You were in the Dungeon.
You worshipped Sif Muna.
Sif Muna was noncommittal.
You visited 1 branch

Inventory:

Hand Weapons
 l - the +2 rapier "Heliucsuv" (weapon) {drain, rPois rC+}
   (You found it in the Dungeon)

   A truly terrible weapon, it drains the life of those it strikes.
   It protects you from cold.
   It protects you from poison.
Armour
 a - a +0 robe (worn)
Jewellery
 b - a +3 ring of dexterity (left hand)
 m - a +3 ring of intelligence (right hand)
Wands
 k - a wand of acid (10)
Scrolls
 h - 2 scrolls of blinking
 j - 2 scrolls of amnesia
Potions
 c - 5 potions of curing
 d - 3 potions of heal wounds
 e - a potion of haste
 f - 4 potions of magic
 g - a potion of berserk rage
 i - a potion of invisibility


   Skills:
 - Level 2.6 Dodging
 - Level 3.0 Stealth
 + Level 11.7 Spellcasting
 - Level 0.6 Conjurations
 - Level 2.6 Air Magic


You had 19 spell levels left.
You knew the following spells:

 Your Spells              Type           Power      Damage    Failure   Level
a - Shock                 Conj/Air       72%        1d7       3%          1
b - Static Discharge      Conj/Air       18%        N/A       4%          2
c - Airstrike             Air            11%        N/A       19%         4

Your spell library contained the following spells:

 Spells                   Type           Power      Damage    Failure   Level
 Swiftness                Air            22%        N/A       6%          3
 Lightning Bolt           Conj/Air       9%         1d21      63%         5


Dungeon Overview and Level Annotations

Branches:
Dungeon (1/1)

Altars:
Cheibriados
Dithmenos
Elyvilon
Fedhas
Gozag
Hepliaklqana
Kikubaaqudgha
Makhleb
Nemelex Xobeh
Okawaru
Qazlal
Ru
Sif Muna
Trog
Uskayaw
Vehumet
Wu Jian
Xom
Yredelemnul
Zin
The Shining One
Beogh
Jiyva
Lugonu


Innate Abilities, Weirdness & Mutations

You are very small and have problems with some larger weapons.
You are too small for most types of armour.
You have supernaturally acute eyesight. (SInv)
You cover ground extremely quickly. (Speed+++)


Message History

As you open the door, it creaks loudly!
Found five items.
Found a +1 scale mail of fire resistance.
There is an open door here.
Found a +3 ring of dexterity.
f - 4 potions of magic (gained 2);
i - a potion of invisibility
d - 3 potions of heal wounds (gained 2);
c - 5 potions of curing (gained 4)
Found a +3 ring of intelligence.
j - 2 scrolls of amnesia;
h - 2 scrolls of blinking (gained 1)
k - a wand of acid (10)
Items here: )))))).
l - the +2 rapier "Heliucsuv" {drain, rPois rC+} You sense an unholy aura.
l - the +2 rapier "Heliucsuv" (weapon)
{drain, rPois rC+} Drop what? 12/52 slots (_ for help) (? for menu, Esc to quit)
You drop a +0 club.
You see here a +0 helmet.
You see here a +0 pair of gloves.
You see here a +1 scale mail of fire resistance.
b - a +3 ring of dexterity
m - a +3 ring of intelligence You feel agile.
b - a +3 ring of dexterity (left hand)
You feel clever.
m - a +3 ring of intelligence (right hand)
You start waiting.
Done waiting.
You open the door.
A yak, an orc wizard, a two-headed ogre, a troll, an unseen horror and a howler monkey come into view.
The yak bellows!
The two-headed ogre shouts in stereo!
The troll shouts!
The orc wizard shouts!
The unseen horror closely misses you. The unseen horror hits you!
The howler monkey howls!
You see here a +1 scale mail of fire resistance.
The unseen horror hits you.
You see here a +0 pair of gloves.
You see here a +0 helmet.
Items here: )))))).
The unseen horror hits you!
You die...

▓_▓
▓_▓
▓_▓
▓_▓
▓_▓
▓_▓
▓'▓
▓.▓
▓@▓
▓x▓
▓.▓
▓[▓
▓[▓
▓[▓
▓Y▓
▓.▓
▓O▓


You could see a yak and an unseen horror (invisible).

Vanquished Creatures
  A scorpion (D)
  2 hounds (D)
  A worm (D)
  A bat (D)
  A bat zombie (D)
  3 hobgoblins (D)
  A kobold (D)
10 creatures vanquished.

Notes
Turn   | Place    | Note
-------+----------+-------------------------------------------
     0 | D        | Vaeryne the Spriggan Air Elementalist began the quest for
                  | the Orb.
     0 | D        | Reached XP level 1. HP: 9/9 MP: 5/5
     6 | D        | Reached skill level 3 in Spellcasting
     7 | D        | Reached skill level 4 in Spellcasting
     9 | D        | Reached skill level 5 in Spellcasting
   104 | D        | Noticed a hound
   104 | D        | Noticed a hound
   104 | D        | Noticed a scorpion
   109 | D        | Reached XP level 2. HP: 13/13 MP: 3/9
   112 | D        | Reached skill level 8 in Spellcasting
   112 | D        | Reached XP level 3. HP: 5/16 MP: 0/13
   338 | D        | Killed a scorpion
   339 | D        | Reached skill level 10 in Spellcasting
   339 | D        | Reached XP level 4. HP: 8/21 MP: 5/17
   344 | D        | Reached skill level 11 in Spellcasting
   533 | D        | Found a snail-covered altar of Cheibriados.
   533 | D        | Found a shadowy altar of Dithmenos.
   533 | D        | Found a white marble altar of Elyvilon.
   533 | D        | Found a blossoming altar of Fedhas.
   533 | D        | Found an opulent altar of Gozag.
   534 | D        | Found a hazy altar of Hepliaklqana.
   535 | D        | Found a viscous altar of Jiyva.
   536 | D        | Found an ancient bone altar of Kikubaaqudgha.
   537 | D        | Found a corrupted altar of Lugonu.
   538 | D        | Found a burning altar of Makhleb.
   539 | D        | Found a sparkling altar of Nemelex Xobeh.
   540 | D        | Found an iron altar of Okawaru.
   541 | D        | Found a stormy altar of Qazlal.
   545 | D        | Learned a level 2 spell: Static Discharge
   550 | D        | Learned a level 4 spell: Airstrike
   550 | D        | Found a sacrificial altar of Ru.
   551 | D        | Found a shimmering blue altar of Sif Muna.
   552 | D        | Found a bloodstained altar of Trog.
   553 | D        | Found a hide-covered altar of Uskayaw.
   554 | D        | Found a radiant altar of Vehumet.
   555 | D        | Found an ornate altar of the Wu Jian Council.
   556 | D        | Found a shimmering altar of Xom.
   557 | D        | Found a basalt altar of Yredelemnul.
   558 | D        | Found a glowing silver altar of Zin.
   559 | D        | Became a worshipper of Sif Muna the Loreminder
   560 | D        | Found a glowing golden altar of the Shining One.
   576 | D        | Got the +2 rapier "Heliucsuv" {drain, rPois rC+}
   689 | D        | Noticed an unseen horror
   689 | D        | Noticed a yak
   689 | D        | Noticed a two-headed ogre
   689 | D        | Noticed a troll
   696 | D        | Slain by an unseen horror

Illustrated notes

Levels and vault maps discovered:
D:        linesprint [early_d, line_temple, items_1, d_10, items_2, lair_1,
          lair_end, items_3, orc_1, orc_end, items_4, d_15, swamp_1, shoals_1,
          snake_1, spider_1, d_20, vaults_1, items_5, swamp_end, shoals_end,
          snake_end, spider_end, vaults_end, d_27, items_6, zot_1, zot_end,
          crypt_end, forest_end, elf_end, slime_end, tomb_end, abyss_end,
          pan_hell_end]

Skill      XL: |  1  2  3  4 |
---------------+-------------+-----
Spellcasting   | 5 8 10 11 | 11.7
Dodging        | |  2.6
Stealth        | |  3.0
Conjurations   | |  0.6
Air Magic      | |  2.6

Action                   |  1- 3 |  4- 6 || total
-------------------------+-------+-------++-------
Melee: Unarmed           |     5 |       ||     5
 Cast: Shock             |    19 |     4 ||    23
Armor: Robe              |     2 |       ||     2
Dodge: Dodged            |     8 |     1 ||     9

Table legend: (Time is in decaauts)
 A = Elapsed time spent in this place.
 B = Non-inter-level travel time spent in this place.
 C = Inter-level travel time spent in this place.
 D = Time resting spent in this place.
 E = Time spent auto-exploring this place.
 F = Levels seen in this place.
 G = Mean time per level.
                   A        B        C        D        E       F      G
               +--------+--------+--------+--------+--------+-----+--------+
         Total |    663 |    663 |      0 |    562 |      0 |   1 |  663.0 |
       Dungeon |    663 |    663 |      0 |    562 |      0 |   1 |  663.0 |
               +--------+--------+--------+--------+--------+-----+--------+

Top non-repeatable levels by time:
       D: 663 daAuts
